[Event "Titled Tuesday Blitz August 17 2021"]
[White "Tristan, Leonardo"]
[Black "Chigaev, Maksim"]
[WhiteFideId "113816"]
[BlackFideId "4108116"]
[WhiteElo "2404"]
[BlackElo "2579"]
[Result "1-0"]
[Round "11"]
[TimeControl "180+1"]
[Date "2021.08.17"]
[WhiteClock "0:00:02"]
[BlackClock "0:00:01"]

1. d4 Nf6 2. Nf3 g6 3. Bf4 Bg7 4. e3 O-O 5. Be2 c5 6. O-O Qb6 7. Nbd2 d6 8. c3 Nd5 9. Bg3 Qxb2 10. Nc4 Qb5 11. Nxd6 Qd7 12. Ne4 cxd4 13. cxd4 b6 14. Qb3 Ba6 15. Bxa6 Nxa6 16. Rfc1 Rac8 17. Be5 Qb7 18. h3 Nb8 19. Nc5 Qa8 20. Nd3 Nd7 21. Bxg7 Kxg7 22. e4 N5f6 23. e5 Nd5 24. e6 fxe6 25. Ng5 Rc6 26. Rxc6 Qxc6 27. Re1 Rf6 28. Nb4 Nxb4 29. Qxb4 Qd6 30. Qb3 Nf8 31. Ne4 Qxd4 32. Nxf6 exf6 33. Qa3 Qd7 34. Re3 Qd1+ 35. Kh2 Qd7 36. Rd3 Qc7+ 37. Qd6 Qf7 38. Qb8 g5 39. Rc3 Kh6 40. Rc7 Qg7 41. Rxg7 1-0


[Site "https://www.chess.com"]

[Event "Titled Tuesday Blitz August 17 2021"]
[White "Urazayev, Arystanbek"]
[Black "Kamsky, Gata"]
[WhiteFideId "13709810"]
[BlackFideId "2000024"]
[WhiteElo "2321"]
[BlackElo "2644"]
[Result "1/2-1/2"]
[Round "11"]
[TimeControl "180+1"]
[Date "2021.08.17"]
[WhiteClock "0:00:23"]
[BlackClock "0:00:16"]

1. e4 c5 2. Nf3 e6 3. c3 d5 4. exd5 exd5 5. Bb5+ Bd7 6. Bxd7+ Qxd7 7. O-O Nc6 8. d4 c4 9. b3 cxb3 10. axb3 Bd6 11. Qd3 Nge7 12. Be3 O-O 13. Nbd2 a6 14. b4 Na7 15. Nb3 Nb5 16. Nc5 Qc8 17. Ne5 Rd8 18. Rfe1 f6 19. Nf3 b6 20. Na4 Qc6 21. Bf4 Ng6 22. Bg3 Bxg3 23. fxg3 Rac8 24. h4 Nh8 25. Re7 Re8 26. Rae1 Rxe7 27. Rxe7 Nf7 28. h5 Rc7 29. Qe3 Rxe7 30. Qxe7 Nbd6 31. Nc5 bxc5 32. dxc5 Nc8 33. Qe2 Na7 34. Nd4 Qc8 35. Qf3 Qd7 36. Qd3 Nb5 37. c6 Qd6 38. Nxb5 axb5 39. Qxb5 g6 40. Qb7 Qxg3 41. c7 Qe1+ 42. Kh2 Qh4+ 43. Kg1 Qe1+ 44. Kh2 Qh4+ 45. Kg1 Qe1+ 1/2-1/2


[Site "https://www.chess.com"]

[Event "Titled Tuesday Blitz August 17 2021"]
[White "Vlassov, Nikolai"]
[Black "Cunjalo, Faris"]
[WhiteFideId "4103360"]
[BlackFideId "14410710"]
[WhiteElo "2407"]
[BlackElo "2234"]
[Result "0-1"]
[Round "11"]
[TimeControl "180+1"]
[Date "2021.08.17"]
[WhiteClock "0:00:04"]
[BlackClock "0:00:07"]

1. e4 c5 2. c3 Nc6 3. d4 cxd4 4. cxd4 d5 5. exd5 Qxd5 6. Nf3 e6 7. a3 Nf6 8. Nc3 Qd8 9. Be3 Be7 10. Qc2 O-O 11. Bd3 b6 12. Ne4 Bb7 13. Nxf6+ Bxf6 14. Bxh7+ Kh8 15. Be4 Rc8 16. Qe2 g6 17. Rd1 Qc7 18. h4 Ne7 19. Bh6 Rfd8 20. h5 Bxe4 21. Qxe4 Qc2 22. Qxc2 Rxc2 23. hxg6 Nxg6 24. Bd2+ Kg7 25. Bc3 Nf4 26. Kf1 Nd5 27. Rd3 Nxc3 28. bxc3 Rc8 29. Rh3 R2xc3 30. Ne5 Rc1+ 31. Ke2 R8c2+ 32. Rd2 b5 33. Rg3+ Kf8 34. Nd7+ Ke7 35. Nxf6 Kxf6 36. Rg8 Rxd2+ 37. Kxd2 Ra1 38. Rg3 Ra2+ 39. Ke1 Kf5 40. Rf3+ Ke4 41. Rxf7 Rxa3 42. g4 a5 43. g5 Ra1+ 44. Ke2 Rg1 45. f3+ Kxd4 46. Rg7 a4 47. Kf2 Rc1 48. Rd7+ Ke5 49. Ra7 Kf4 50. g6 Rc2+ 51. Ke1 Rg2 52. g7 Kxf3 0-1


[Site "https://www.chess.com"]

[Event "Titled Tuesday Blitz August 17 2021"]
[White "Voiteanu, Gabriel"]
[Black "Sliwicki, Damian"]
[WhiteFideId "1208810"]
[BlackFideId "1127128"]
[WhiteElo "2046"]
[BlackElo "2142"]
[Result "0-1"]
[Round "11"]
[TimeControl "180+1"]
[Date "2021.08.18"]
[WhiteClock "0:00:02"]
[BlackClock "0:00:19"]

1. d4 Nf6 2. c4 e5 3. dxe5 Ng4 4. Bf4 Nc6 5. Nf3 Bb4+ 6. Nbd2 Qe7 7. e3 Ngxe5 8. Nxe5 Nxe5 9. Be2 O-O 10. O-O Bxd2 11. Qxd2 d6 12. Qc3 a5 13. b3 Qf6 14. Kh1 b6 15. Bxe5 dxe5 16. f4 Bb7 17. fxe5 Qh6 18. Bf3 Bxf3 19. gxf3 Rad8 20. Rad1 Qh3 21. Qc2 h6 22. Qg2 Qh5 23. Rg1 Qxe5 24. f4 Qf6 25. Rd5 g6 26. Rgd1 Rxd5 27. Qxd5 Re8 28. Qd3 Qe7 29. Re1 Rd8 30. Qe2 Qe4+ 31. Qg2 Qxg2+ 32. Kxg2 Rd2+ 33. Kf3 Rxa2 34. h4 Kf8 35. Rd1 Ke7 36. Rd3 Ra3 37. Ke4 a4 38. f5 Rxb3 39. Rd2 gxf5+ 40. Kxf5 Rxe3 41. Ra2 a3 42. Kf4 Rb3 43. Ke4 Kd6 44. Kd4 c5+ 45. Ke4 Rh3 46. h5 Ke6 47. Ra1 f5+ 48. Kf4 Kf6 49. Rd1 Rh4+ 50. Kg3 Rd4 51. Ra1 Rd3+ 52. Kf4 b5 53. cxb5 Rb3 54. b6 c4 55. b7 c3 56. Rxa3 c2 57. Rxb3 c1=Q+ 0-1


[Site "https://www.chess.com"]

[Event "Titled Tuesday Blitz August 17 2021"]
[White "Volkov, Maksim"]
[Black "davigator"]
[WhiteFideId "54123070"]
[WhiteElo "2113"]
[BlackElo "2373"]
[Result "1-0"]
[Round "11"]
[TimeControl "180+1"]
[Date "2021.08.17"]
[WhiteClock "0:00:30"]
[BlackClock "0:00:01"]

1. d4 Nf6 2. c4 e6 3. g3 Bb4+ 4. Bd2 a5 5. Bg2 O-O 6. Nf3 b6 7. Ne5 c6 8. O-O d5 9. a3 Be7 10. Nc3 Ba6 11. Rc1 Nfd7 12. cxd5 cxd5 13. Bf4 Nxe5 14. Bxe5 Nd7 15. Bf4 Rc8 16. Qa4 Rc4 17. Qb3 Rxd4 18. Be3 Rc4 19. Rfd1 Qc7 20. Bxd5 a4 21. Qa2 exd5 22. Nxd5 Rxc1 23. Nxe7+ Kh8 24. Rxc1 Qd6 25. Nf5 Qe5 26. Nd4 Nc5 27. b4 axb3 28. Nxb3 Nxb3 29. Qxb3 Bxe2 30. Qxb6 Bf3 31. h4 h5 32. Kh2 Qf5 33. Bd4 f6 34. a4 Bd5 35. Qd6 Qf3 36. Qxf8+ Kh7 37. Rg1 Qe4 38. Qc5 Kg6 39. Qc3 Be6 40. f3 Qd5 41. Qe3 Qa2+ 42. Rg2 Qxa4 43. Qe4+ Kf7 44. Be3 Qd1 45. g4 Bd5 46. Qf4 Bxf3 47. Rg1 Qe2+ 48. Kg3 Bxg4 49. Rg2 Qb5 50. Rd2 1-0


[Site "https://www.chess.com"]

[Event "Titled Tuesday Blitz August 17 2021"]
[White "Von Buelow, Georg"]
[Black "Wagner, Dinara"]
[WhiteFideId "4620658"]
[BlackFideId "24157570"]
[WhiteElo "2195"]
[BlackElo "2260"]
[Result "1-0"]
[Round "11"]
[TimeControl "180+1"]
[Date "2021.08.18"]
[WhiteClock "0:00:10"]
[BlackClock "0:00:18"]

1. e4 c5 2. Nf3 d6 3. d4 cxd4 4. Nxd4 Nf6 5. Nc3 a6 6. f4 e6 7. Qf3 Be7 8. g4 Qc7 9. g5 Nfd7 10. Be3 b5 11. Bd3 Bb7 12. O-O-O Nc6 13. Kb1 Rc8 14. h4 Nc5 15. h5 Nxd4 16. Bxd4 b4 17. Ne2 e5 18. Be3 b3 19. Bxc5 bxc2+ 20. Bxc2 Qxc5 21. Nc3 Qb6 22. Ba4+ Bc6 23. Bxc6+ Rxc6 24. f5 Bxg5 25. Rhg1 f6 26. Nd5 Qb7 27. h6 O-O 28. hxg7 Kxg7 29. Qh5 Kh8 30. Rg2 Rc4 31. Re2 Rb8 32. b3 a5 33. Ka1 Rd4 34. Rh1 Rf8 35. Reh2 Rf7 36. Qe2 a4 37. bxa4 Rd2 38. Qb5 Qa7 39. Qe8+ Kg7 40. Rxh7# 1-0


[Site "https://www.chess.com"]

[Event "Titled Tuesday Blitz August 17 2021"]
[White "Waddingham, Graham A"]
[Black "Kislov, Oleg"]
[WhiteFideId "400653"]
[BlackFideId "13503774"]
[WhiteElo "2366"]
[BlackElo "2252"]
[Result "0-1"]
[Round "11"]
[TimeControl "180+1"]
[Date "2021.08.17"]
[WhiteClock "0:00:07"]
[BlackClock "0:00:31"]

1. e4 c5 2. f4 d5 3. exd5 Nf6 4. Nc3 Nxd5 5. Bb5+ Nc6 6. Qf3 e6 7. Bxc6+ bxc6 8. d3 Nb4 9. Qf2 Qd4 10. Qd2 Bd6 11. Nge2 Qf6 12. O-O Qe7 13. Ne4 Bc7 14. a3 Nd5 15. c4 Nf6 16. N2c3 O-O 17. Qf2 Rd8 18. Rd1 Nxe4 19. Nxe4 f5 20. Nxc5 Bb6 21. Be3 e5 22. fxe5 f4 23. Qxf4 Bxc5 24. d4 Bb6 25. Rd3 Be6 26. b3 Rf8 27. Qg3 Rad8 28. Rad1 Bf5 29. R3d2 Qxa3 30. Bh6 Rf7 31. Bg5 Rxd4 0-1


[Site "https://www.chess.com"]

[Event "Titled Tuesday Blitz August 17 2021"]
[White "Weetik, Vjacheslav"]
[Black "Barp, Alberto"]
[WhiteFideId "4153472"]
[BlackFideId "872555"]
[WhiteElo "2469"]
[BlackElo "2229"]
[Result "1-0"]
[Round "11"]
[TimeControl "180+1"]
[Date "2021.08.17"]
[WhiteClock "0:02:03"]
[BlackClock "0:02:22"]

1. d4 d5 2. Bf4 Nf6 3. e3 Bf5 4. c4 e6 5. Nc3 c6 6. Qb3 Qb6 7. c5 Qxb3 8. axb3 a6 9. b4 Be7 10. h3 O-O 11. Nf3 Nbd7 12. Nd2 Bd8 13. g4 Bg6 14. b5 cxb5 15. Bxb5 Rc8 16. Ba4 Nb8 17. Bd6 Re8 18. g5 Nfd7 19. Bxb8 1-0


[Site "https://www.chess.com"]

[Event "Titled Tuesday Blitz August 17 2021"]
[White "Yaran, Siar"]
[Black "Obregon, Andres Carlos"]
[WhiteFideId "6323006"]
[BlackFideId "111724"]
[WhiteElo "1977"]
[BlackElo "2572"]
[Result "0-1"]
[Round "11"]
[TimeControl "180+1"]
[Date "2021.08.17"]
[WhiteClock "0:00:13"]
[BlackClock "0:02:30"]

1. c4 Nf6 2. Nc3 g6 3. g3 Bg7 4. Bg2 d6 5. Nf3 O-O 6. O-O e5 7. d3 Nc6 8. Rb1 a5 9. a3 Be6 10. b4 axb4 11. axb4 Qc8 12. b5 Nd8 13. Re1 Bh3 14. Bh1 Ne6 15. Bb2 c6 16. Ra1 Qd7 17. Nd2 d5 18. bxc6 bxc6 19. Nf3 Ng4 20. cxd5 cxd5 21. Qb3 Rab8 22. Qa2 e4 23. Nd2 Nxf2 24. Kxf2 e3+ 25. Kxe3 Bd4+ 26. Kf3 Ng5+ 0-1


[Site "https://www.chess.com"]

[Event "Titled Tuesday Blitz August 17 2021"]
[White "Yeletsky, Ivan"]
[Black "Indjic, Aleksandar"]
[WhiteFideId "24180327"]
[BlackFideId "911925"]
[WhiteElo "2344"]
[BlackElo "2643"]
[Result "1-0"]
[Round "11"]
[TimeControl "180+1"]
[Date "2021.08.17"]
[WhiteClock "0:01:00"]
[BlackClock "0:00:01"]

1. d4 Nf6 2. c4 c5 3. d5 e6 4. Nc3 exd5 5. cxd5 d6 6. Nf3 g6 7. e4 a6 8. Bg5 h6 9. Bh4 g5 10. Bg3 Nh5 11. a4 Bg7 12. Nd2 Nxg3 13. hxg3 Nd7 14. Nc4 Ne5 15. Ne3 O-O 16. g4 Re8 17. Be2 Rb8 18. Qc2 Bd7 19. Nf5 Bxf5 20. gxf5 Nd7 21. Kf1 Qe7 22. Re1 c4 23. Bxc4 Rec8 24. Qb3 b5 25. axb5 axb5 26. Nxb5 Ne5 27. Be2 Rc5 28. Qa4 g4 29. g3 Qd7 30. Nc3 Qd8 31. Nb5 Qb6 32. Nd4 Ra5 33. Qd1 Ra2 34. f6 Bxf6 35. Nf5 Rxb2 36. Rxh6 Bg5 37. Rh5 Bd2 38. Nh6+ Kf8 39. Nf5 Ng6 40. Kg2 Bxe1 41. Qxe1 Rb1 42. Qc3 Qb2 43. Qe3 Qc1 44. Qxc1 Rxc1 45. Bxg4 Rbb1 46. Nxd6 Rg1+ 47. Kf3 Rb3+ 48. Ke2 Rc1 49. Bf5 Ne5 50. Rh8+ Kg7 51. Rh5 Rc2+ 52. Kf1 Rbb2 53. Ne8+ Kf8 54. Rh8+ Ke7 55. d6+ Kd8 56. Nf6# 1-0


[Site "https://www.chess.com"]

[Event "Titled Tuesday Blitz August 17 2021"]
[White "Yoo, Christopher Woojin"]
[Black "Lashkin, Jegor"]
[WhiteFideId "30909694"]
[BlackFideId "13907808"]
[WhiteElo "2105"]
[BlackElo "2293"]
[Result "1-0"]
[Round "11"]
[TimeControl "180+1"]
[Date "2021.08.17"]
[WhiteClock "0:01:32"]
[BlackClock "0:00:10"]

1. e4 c5 2. Nf3 d6 3. Nc3 Nf6 4. e5 dxe5 5. Nxe5 a6 6. g3 Qd6 7. Nf3 b5 8. Bg2 Bb7 9. O-O Nc6 10. d3 e6 11. Bf4 Qd7 12. a4 b4 13. Ne4 Be7 14. Ne5 Nxe5 15. Bxe5 Nxe4 16. Bxe4 Bxe4 17. dxe4 f6 18. Bf4 Qc6 19. Qh5+ g6 20. Qe2 O-O 21. Qc4 Rfd8 22. Rfd1 Kf7 23. b3 Rd7 24. Rxd7 Qxd7 25. Be3 a5 26. Re1 h5 27. h4 Kg7 28. Re2 Kf7 29. Rd2 Qc6 30. e5 fxe5 31. Bg5 Bxg5 32. hxg5 Ke7 33. Qe2 Rd8 34. Rxd8 Kxd8 35. Qxe5 Qd5 36. Qf6+ Kd7 37. Qxg6 Qd1+ 38. Kh2 Qf3 39. Qf6 1-0


[Site "https://www.chess.com"]

[Event "Titled Tuesday Blitz August 17 2021"]
[White "Zakaryan_David"]
[Black "Ljukin, Sergei"]
[BlackFideId "14102200"]
[WhiteElo "2576"]
[BlackElo "2309"]
[Result "1-0"]
[Round "11"]
[TimeControl "180+1"]
[Date "2021.08.17"]
[WhiteClock "0:02:16"]
[BlackClock "0:01:48"]

1. e4 e6 2. d4 d5 3. Nc3 Bb4 4. e5 Ne7 5. a3 Bxc3+ 6. bxc3 c5 7. Qg4 Qc7 8. Bd3 Qa5 9. Bd2 c4 10. Be2 Rg8 11. a4 Bd7 12. h4 Qb6 13. Bc1 Nbc6 14. Ba3 O-O-O 15. Nf3 f6 16. a5 Qxa5 17. Kd2 fxe5 18. Bxe7 Qc7 19. Bxd8 Rxd8 20. Nxe5 Nxe5 21. dxe5 Qxe5 22. Qd4 1-0


[Site "https://www.chess.com"]

[Event "Titled Tuesday Blitz August 17 2021"]
[White "Zhigalko, Sergei"]
[Black "Wagner, Dennis"]
[WhiteFideId "13502956"]
[BlackFideId "24650684"]
[WhiteElo "2662"]
[BlackElo "2355"]
[Result "1-0"]
[Round "11"]
[TimeControl "180+1"]
[Date "2021.08.17"]
[WhiteClock "0:02:16"]
[BlackClock "0:00:59"]

1. e4 c5 2. Nf3 d6 3. d4 cxd4 4. Qxd4 Nf6 5. Nc3 a6 6. Bc4 Nc6 7. Qd3 e6 8. Bf4 Be7 9. O-O-O Na5 10. Bb3 Nxb3+ 11. axb3 e5 12. Bg5 Be6 13. Bxf6 gxf6 14. Nh4 Qa5 15. Kb1 O-O-O 16. Nd5 Bxd5 17. Qxd5 Qxd5 18. Rxd5 Kd7 19. Nf5 Ke6 20. Ng7+ Kd7 21. Nf5 Ke6 22. Rhd1 Rhg8 23. g3 h5 24. c4 b6 25. b4 Rc8 26. Rxd6+ Bxd6 27. Rxd6# 1-0


[Site "https://www.chess.com"]

[Event "Titled Tuesday Blitz August 17 2021"]
[White "Zhuravleva, Olga"]
[Black "Gerzhoy, Leonid"]
[WhiteFideId "4145933"]
[BlackFideId "2806126"]
[WhiteElo "2119"]
[BlackElo "2528"]
[Result "0-1"]
[Round "11"]
[TimeControl "180+1"]
[Date "2021.08.18"]
[WhiteClock "0:00:03"]
[BlackClock "0:00:24"]

1. e4 d6 2. d4 Nf6 3. Bd3 e5 4. c3 Nc6 5. Nf3 Bg4 6. Be3 d5 7. dxe5 Nxe5 8. exd5 Qxd5 9. Be2 Qxd1+ 10. Bxd1 Nxf3+ 11. Bxf3 Bxf3 12. gxf3 O-O-O 13. Ke2 Bd6 14. Nd2 Rhe8 15. Nc4 Bf4 16. Kf1 Bxe3 17. Nxe3 Rd2 18. Rb1 Nd5 19. Nxd5 Rxd5 20. Re1 Rde5 21. Rxe5 Rxe5 22. Kg2 Re2 23. Rb1 Rc2 24. f4 f5 25. Kf3 a5 26. Ke3 g6 27. h3 a4 28. a3 b5 29. f3 Kb7 30. Kd4 Kb6 31. Ke5 Rf2 32. b3 axb3 33. Rxb3 Rxf3 34. a4 c6 35. h4 h5 36. axb5 cxb5 37. Kf6 Rxf4 38. Kxg6 Rxh4 39. Kxf5 Rc4 40. Kg5 h4 41. Rb1 h3 42. Rb2 Rxc3 43. Kf4 Kc5 44. Ke4 b4 45. Rh2 b3 46. Kf4 Kb4 47. Ke4 Ka3 48. Kd4 Rg3 49. Kc4 b2 50. Rh1 Ka2 51. Rh2 Ka1 52. Rc2 b1=Q 0-1


[Site "https://www.chess.com"]

[Event "Titled Tuesday Blitz August 17 2021"]
[White "volunteers1998"]
[Black "Barrionuevo, Pablo"]
[BlackFideId "110566"]
[WhiteElo "2243"]
[BlackElo "2250"]
[Result "0-1"]
[Round "11"]
[TimeControl "180+1"]
[Date "2021.08.18"]
[WhiteClock "0:00:01"]
[BlackClock "0:00:34"]

1. e4 c5 2. Nf3 Nc6 3. Bb5 d6 4. O-O Bd7 5. Re1 Nf6 6. c3 a6 7. Bf1 Bg4 8. h3 Bxf3 9. Qxf3 g6 10. d3 Bg7 11. Bg5 O-O 12. Nd2 Rb8 13. a4 h6 14. Be3 Nd7 15. Qe2 b5 16. axb5 axb5 17. f4 b4 18. Rec1 Qc7 19. Nc4 Rb7 20. d4 bxc3 21. bxc3 cxd4 22. cxd4 Nxd4 23. Qa2 Nb3 24. Ne5 Nxc1 25. Rxc1 Qxc1 26. Bxc1 dxe5 27. Bb2 exf4 28. Bxg7 Kxg7 29. Qd5 Rfb8 30. Bc4 e6 31. Qd4+ Nf6 32. Kf2 Rb2+ 33. Kf3 g5 34. e5 Nh5 35. h4 R8b4 36. Qd3 Ng3 37. hxg5 hxg5 38. Bxe6 Ne4 39. Qd7 Rb7 40. Qd8 Nd2+ 41. Kg4 fxe6 42. Qxg5+ Kf8 43. Qd8+ Kf7 44. Qf6+ Ke8 45. Qxe6+ Kd8 46. Qd6+ Rd7 47. Qf6+ Kc7 48. e6 Ne4 49. Qxb2 Rd5 50. Qc2+ Nc5 51. Qc3 Kd6 52. e7 Kxe7 53. Qg7+ Kd6 54. Qf6+ Ne6 55. Qc3 Rg5+ 56. Kf3 Rg3+ 0-1